 Dungeon Crawl Stone Soup version 0.31-a0-230-g09eb5fc4d3 (webtiles) character file.

Game seed: 4761060275437113489

92 qw the Shooter (level 4, 0/36 HPs)
             Began as a Minotaur Hexslinger on July 6, 2023.
             Killed by divine providence
             ... invoked by an orc priest
              (12 damage)
             ... on level 3 of the Dungeon.
             The game lasted 00:00:42 (1839 turns).

qw the Shooter (Minotaur Hexslinger)                Turns: 1839, Time: 00:00:43

Health: 0/36       AC:  4    Str: 12    XL:     4   Next: 35%
Magic:  4/4        EV: 12    Int: 10    God:
Gold:   99         SH:  0    Dex: 15    Spells: 4/5 levels left

rFire   . . .        Y - +1 sling
rCold   . . .        (no shield)
rNeg    . . .        c - +0 robe
rPois   .            f - +2 hat
rElec   .            (no cloak)
rCorr   .            (no gloves)
SInv    .            (no boots)
Will    .....        (no amulet)
Stlth   +            (no ring)
HPRegen 0.26/turn    (no ring)
MPRegen 0.09/turn

%: no passive effects
@: no status effects
A: horns 2, retaliatory headbutt
a: no special abilities


You were on level 3 of the Dungeon.
You visited 1 branch of the dungeon, and saw 3 of its levels.

You collected 99 gold pieces.


Innate Abilities, Weirdness & Mutations

You have a pair of horns on your head.
You reflexively headbutt those who attack you in melee.


   Skills:
 - Level 2.0 Fighting
 + Level 4.9 Ranged Weapons
 - Level 2.1 Dodging
 - Level 1.0 Spellcasting
 - Level 2.0 Hexes


You had 4 spell levels left.
You knew the following spells:

 Your Spells              Type           Power      Damage    Failure   Level
a - Slow                  Hex            16%        N/A       16%         1

Your spell library contained the following spells:

 Spells                   Type           Power      Damage    Failure   Level
 Inner Flame              Hex/Fire       2%         N/A       56%         3
 Portal Projectile        Hex/Tloc       4%         N/A       56%         3
 Cause Fear               Hex            2%         N/A       83%         4

Inventory:

Hand Weapons
 Y - a +1 sling (weapon)
Armour
 c - a +0 robe (worn)
 f - a +2 hat (worn)
Jewellery
 b - a ring of ice
Scrolls
 i - 3 scrolls of teleportation
Potions
 a - a potion of brilliance {unknown}
 d - a potion of lignification {unknown}
 e - a potion of might
 j - a potion of haste

Dungeon Overview and Level Annotations

Branches:
Dungeon (3/15)

Altars:


Message History

The sling bullet barely misses the orc priest.
You shoot a sling bullet. The sling bullet barely misses the orc.
The orc misses you.
You shoot a sling bullet. The sling bullet hits the orc.
The orc is moderately wounded.
The orc barely misses you. The frilled lizard barely misses you.
You shoot a sling bullet. The sling bullet barely misses the orc.
The frilled lizard misses you. The orc hits you with a +0 flail.
You shoot a sling bullet. The sling bullet hits the orc.
The orc is heavily wounded.
The orc hits you but does no damage. The frilled lizard barely misses you.
You furiously retaliate!
You headbutt the frilled lizard.
You kill the frilled lizard!
The orc hits you with a +0 flail.
1827 ||| READING 4 scrolls of teleportation.
As you read the scroll of teleportation, it crumbles to dust.
You feel strangely unstable. The orc hits you but does no damage.
You shoot a sling bullet.
The sling bullet hits the orc but does no damage.
The orc is heavily wounded.
The orc closely misses you.
You shoot a sling bullet. The sling bullet hits the orc.
You kill the orc!
You shoot a sling bullet. The sling bullet hits the orc priest.
The orc priest is moderately wounded.
Your surroundings suddenly seem different.
You start resting.
An orc priest is nearby!
You shoot a sling bullet. The sling bullet hits the orc priest.
The orc priest is moderately wounded.
You start resting.
An orc priest is nearby!
You shoot a sling bullet.
The sling bullet barely misses the orc priest.
You shoot a sling bullet. The sling bullet hits the orc priest.
The orc priest is severely wounded.
The orc priest invokes the aid of Beogh against you.
Beogh smites you!
You die...

....... .##.##..###.##
##~...#
....)#o####.........###
.##.# .......
...###..........
#...#%###.##..#######..
##.).##......#
#..).....###.##
#.......#.# ..#
##........###..#
##...##..o@...#
##.###.##.##.# ##
#.##.# #.##.# ..... ###


You could see an orc priest.

Vanquished Creatures
  2 adders (D:2)
  3 dart slugs
  4 orcs (D:3)
  6 ball pythons
  2 bats
  4 endoplasms (D:1)
  8 hobgoblins
  12 kobolds
  3 quokkas
  7 frilled lizards
  5 goblins
  3 rats
59 creatures vanquished.

Notes
Turn   | Place    | Note
-------+----------+-------------------------------------------
     0 | D:1      | qw the Minotaur Hexslinger began the quest for the Orb.
     0 | D:1      | Reached XP level 1. HP: 16/16 MP: 1/1
     0 | D:1      | 0 ||| qw: Version: 0.3-a-46-gb1f654a
     0 | D:1      | 0 ||| qw: Game counter: 1791
     0 | D:1      | 0 ||| qw: Melee chars always use a shield: true
     0 | D:1      | 0 ||| qw: God list: Okawaru
     0 | D:1      | 0 ||| qw: Allow faded altars: false
     0 | D:1      | 0 ||| qw: Do Orc after clearing Dungeon:15 true
     0 | D:1      | 0 ||| qw: Do second Lair branch before Depths: true
     0 | D:1      | 0 ||| qw: Lair rune preference: random
     0 | D:1      | 0 ||| qw: Goals: Normal
     0 | D:1      | 0 ||| PLANNING D:1-11
   101 | D:1      | Reached skill level 3 in Ranged Weapons
   107 | D:1      | Reached XP level 2. HP: 23/23 MP: 2/2
   609 | D:1      | Reached XP level 3. HP: 26/29 MP: 3/3
   887 | D:1      | 887 ||| READING scroll labelled UNOUWKEZOAV.
   888 | D:1      | 888 ||| READING scroll labelled NANEAT MYLYWK.
   889 | D:1      | 889 ||| READING 5 scrolls labelled YNKEHEI CUGE.
   892 | D:1      | 892 ||| READING scroll labelled NEKANL HEAQ.
   893 | D:1      | 893 ||| DRINKING 2 smoky grey potions.
   894 | D:1      | 894 ||| DRINKING 2 glowing white potions.
   895 | D:1      | 895 ||| DROPPING scroll of poison.
   970 | D:2      | Reached skill level 4 in Ranged Weapons
  1198 | D:2      | Reached XP level 4. HP: 24/36 MP: 4/4
  1607 | D:2      | 1607 ||| UPGRADING to +2 hat.
  1612 | D:2      | 1612 ||| READING scroll labelled GUFUQI EROJ.
  1613 | D:2      | 1613 ||| READING scroll labelled UKAHOO PIM PANLI.
  1614 | D:2      | 1614 ||| DRINKING 2 bubbling orange potions.
  1719 | D:2      | 1719 ||| DROPPING potion of berserk rage.
  1826 | D:3      | HP: 9/36 [orc/+0 flail (5)]
  1827 | D:3      | 1827 ||| READING 4 scrolls of teleportation.
  1839 | D:3      | Killed from afar by an orc priest

Levels and vault maps discovered:
D:1:      dpeg_arrival_morbid_curiosity, layout_loops_ring, minmay_box_of_dots
D:2:      layout_basic
D:3:      layout_loops_ring, mainiacjoe_overflow_chevrons,
          ebering_ecumenical_altar_box, serial_bayou_pond_d, dk_noncrumbling_4,
          kennysheep_small_spiral

Skill      XL: |  1  2  3 |
---------------+----------+-----
Ranged Weapons | 3 4 |  4.9
Fighting       | 2 |  2.0
Dodging        | |  2.1
Spellcasting   | |  1.0
Hexes          | |  2.0

Action                     |  1- 3 |  4- 6 || total
---------------------------+-------+-------++-------
   Fire: Sling             |   114 |    50 ||   164
    Use: Scroll            |     4 |     3 ||     7
         Potion            |     2 |     1 ||     3
 Armour: Robe              |     7 |     6 ||    13
  Dodge: Dodged            |    23 |    14 ||    37

Table legend:
 A = Non-vault XP
 B = Vault XP
 C = Vault XP percentage of total XP
 D = Non-vault monster count
 E = Vault monster count
 F = Vault count percentage of total count
                 A         B        C        D         E       F
            +---------+---------+-------+---------+---------+-------
      Total |     118 |      14 |  10.6 |      51 |       8 |  13.6
            +---------+---------+-------+---------+---------+-------
        D:1 |      36 |      14 |  28.0 |      22 |       8 |  26.7
        D:2 |      59 |       0 |   0.0 |      21 |       0 |   0.0
        D:3 |      23 |       0 |   0.0 |       8 |       0 |   0.0
            +---------+---------+-------+---------+---------+-------
